[Event "Team 45 45 League T44"]
[Site "Internet Chess Club"]
[Date "2010.02.07"]
[Round "1"]
[White "wbanks"]
[Black "Giacometti"]
[Result "1-0"]
[WhiteElo "1648"]
[BlackElo "1762"]
[Opening "Sicilian: Richter-Rauzer"]
[ECO "B60"]
[Time "11:00:23"]
[TimeControl "2700+45"]

1. e4 c5 2. Nf3 d6 3. d4 cxd4 4. Nxd4 Nf6 5. Nc3 Nc6 6. Bg5 Qb6 7. Nb3 Ng4 8.
Qd2 e6 9. h3 Nge5 10. O-O-O f6 11. Be3 Qd8 12. f4 Nf7 13. g4 Be7 14. Be2 b6 15.
h4 a5 16. Bb5 Bd7 17. h5 Nb8 18. Nd4 Bxb5 19. Nxe6 Qd7 20. Nxb5 Na6 21. Nbd4 Rg8
22. Qe2 Nc5 23. Nxc5 bxc5 24. Nf5 Qb7 25. Bd2 Rb8 26. Bc3 a4 27. a3 g6 28. hxg6
hxg6 29. Nxe7 Kxe7 30. e5 fxe5 31. fxe5 Rh8 32. exd6+ {Black resigns} 1-0

[Event "Team 45 45 League T44"]
[Site "Internet Chess Club"]
[Date "2010.02.09"]
[Round "1"]
[White "DanMcClintic"]
[Black "Karpool"]
[Result "1-0"]
[WhiteElo "1653"]
[BlackElo "1704"]
[Opening "Caro-Kann defense"]
[ECO "B10"]
[Time "20:30:22"]
[TimeControl "2700+45"]

1. e4 c6 2. Nf3 d5 3. exd5 cxd5 4. Ne5 Nc6 5. d4 Nf6 6. Bb5 Qb6 7. Nc3 g6 8. a4
Be6 9. a5 Qc7 10. Bf4 Qc8 11. a6 Bd7 12. Nxd7 Qxd7 13. axb7 Qxb7 14. Ra6 Rc8 15.
Qa1 Bg7 16. Qa4 O-O 17. Bxc6 Qxb2 18. Nd1 Qb1 19. O-O Nh5 20. Nc3 Qb2 21. Nxd5
Bxd4 22. Bc1 Bxf2+ 23. Rxf2 Qxc1+ 24. Rf1 Qg5 25. h4 Qe5 26. Qa1 Qe4 27. Nf6+
Nxf6 28. Bxe4 Nxe4 {Black resigns} 1-0

[Event "Team 45 45 League T44"]
[Site "Internet Chess Club"]
[Date "2010.02.07"]
[Round "1"]
[White "viking99"]
[Black "tigereye"]
[Result "0-1"]
[WhiteElo "1823"]
[BlackElo "1828"]
[Opening "Caro-Kann: advance variation"]
[ECO "B12"]
[Time "12:02:27"]
[TimeControl "2700+45"]

1. e4 c6 2. d4 d5 3. e5 c5 4. dxc5 e6 5. Nf3 Bxc5 6. Bd3 Nc6 7. O-O Qc7 8. Qe2
Nb4 9. Bb5+ Bd7 10. Bxd7+ Qxd7 11. a3 Nc6 12. b4 Nd4 13. Nxd4 Bxd4 14. c3 Bb6
15. a4 a6 16. Qg4 Kf8 17. Ba3 Ne7 18. a5 Ba7 19. Nd2 Qc7 20. Nf3 Rc8 21. Rac1
Ng6 22. Qf4 Nxf4 {White resigns} 0-1

[Event "Team 45 45 League T44"]
[Site "Internet Chess Club"]
[Date "2010.02.07"]
[Round "1"]
[White "CREDITorDEBIT"]
[Black "Rookmaster"]
[Result "1-0"]
[WhiteElo "1705"]
[BlackElo "1728"]
[Opening "Sicilian: Najdorf, 7...Be7 main line"]
[ECO "B99"]
[Time "17:58:04"]
[TimeControl "2700+45"]

1. e4 c5 2. Nf3 d6 3. d4 cxd4 4. Nxd4 Nf6 5. Nc3 a6 6. Bg5 e6 7. f4 Be7 8. Qf3
Qc7 9. O-O-O Nbd7 10. Bd3 b5 11. Rhe1 O-O 12. Qg3 Re8 13. e5 dxe5 14. fxe5 Nh5
15. Qh4 Bxg5+ 16. Qxg5 g6 17. g4 Ng7 18. Re3 Bb7 19. Be4 Bxe4 20. Nxe4 Red8 21.
Nd6 Nxe5 22. Nxe6 Nxe6 23. Qxe5 Rd7 24. Rc3 Qd8 25. Rcd3 Qg5+ 26. Qxg5 Nxg5 27.
h4 Ne6 28. Ne4 Rxd3 29. Rxd3 Nf4 30. Rd6 a5 31. Kd2 b4 32. c4 bxc3+ 33. bxc3 Rb8
34. Kc2 Ra8 35. c4 Ne6 36. Kc3 Kg7 37. c5 f5 38. Rxe6 fxe4 39. Kc4 Rb8 40. a3
Kf7 41. Rxe4 a4 42. c6 Rb3 43. c7 Rb1 44. Kd5 Rd1+ 45. Rd4 Rc1 46. Rc4 Rd1+ 47.
Kc6 Ke7 48. c8=Q Rd6+ 49. Kb5 h5 50. Re4+ Kf7 51. Qe8+ Kg7 52. g5 Rd5+ 53. Kc6
Rd7 54. Kxd7 Kh7 55. Re7# {Black checkmated} 1-0

[Event "Team 45 45 League T44"]
[Site "Internet Chess Club"]
[Date "2010.02.06"]
[Round "1"]
[White "Kingofknights"]
[Black "SacMan"]
[Result "0-1"]
[WhiteElo "1669"]
[BlackElo "1709"]
[Opening "QGD: Lasker defense, Teichmann variation"]
[ECO "D56"]
[Time "11:30:18"]
[TimeControl "2700+45"]

1. d4 Nf6 2. c4 e6 3. Nc3 d5 4. Bg5 Be7 5. Nf3 O-O 6. e3 h6 7. Bh4 Ne4 8. Bxe7
Qxe7 9. Qc2 Nxc3 10. Qxc3 c6 11. Bd3 dxc4 12. Qxc4 Nd7 13. Rc1 e5 14. dxe5 Nxe5
15. Nxe5 Qxe5 16. Qc3 Qd5 17. f3 Qxa2 18. O-O Be6 19. Rf2 Rad8 20. Bb1 Qb3 21.
Qe1 Rfe8 22. Bc2 Qb6 23. Re2 Bc4 24. Bh7+ Kxh7 25. Rxc4 g6 26. Qc3 Rd1+ 27. Kf2
Red8 28. Rb4 Qc7 29. g3 Rh1 30. Kg2 Rdd1 31. Rf4 Rhg1+ 32. Kh3 Qd7+ 33. g4 h5
34. Qf6 Kg8 35. Rg2 Rxg2 36. Kxg2 Rd2+ 37. Kg3 hxg4 38. Rxg4 Qd6+ 39. Rf4 Qxf6
40. Rxf6 Kg7 41. Rf4 Rxb2 42. Rd4 Kf8 43. h4 Rb5 44. e4 Ke7 45. Kg4 Rb1 46. f4
c5 47. Rd5 c4 48. f5 Rg1+ 49. Kf4 gxf5 50. exf5 a6 51. Rc5 b5 52. Rc6 a5 53.
Rc7+ Kf6 54. Ra7 a4 55. Ra6+ Kg7 56. Rb6 Rb1 57. h5 a3 58. h6+ Kh7 59. Rf6 a2
60. Rxf7+ Kxh6 61. Rf6+ Kg7 62. Rg6+ Kf7 63. Rb6 a1=Q 64. Rb7+ Ke8 65. Rb8+ Kd7
66. Rb6 Qd4+ {White resigns} 0-1

[Event "Team 45 45 League T44"]
[Site "Internet Chess Club"]
[Date "2010.02.06"]
[Round "1"]
[White "badmove"]
[Black "DaveTheRook"]
[Result "1-0"]
[WhiteElo "1840"]
[BlackElo "1680"]
[Opening "Bird's opening: Lasker variation"]
[ECO "A02"]
[Time "15:01:50"]
[TimeControl "2700+45"]

1. f4 Nf6 2. Nf3 d5 3. e3 c5 4. Be2 e6 5. b3 Be7 6. Bb2 Nbd7 7. O-O O-O 8. Bd3
a6 9. c4 Re8 10. Nc3 b6 11. Ne2 Bb7 12. Ng3 h6 13. Qe2 Ne4 14. Nh5 Ndf6 15. Ne5
Rf8 16. Nxf6+ Nxf6 17. Rf3 d4 18. Rg3 Ne4 19. Bxe4 Bxe4 20. exd4 Bf5 21. Nc6 Qc7
22. Nxe7+ Qxe7 23. d5 f6 24. dxe6 Qxe6 25. Qxe6+ Bxe6 26. Re1 Kf7 27. Rge3 Rfe8
28. d4 cxd4 29. Bxd4 Rab8 30. Kf2 Bf5 31. Rxe8 Rxe8 32. Rxe8 Kxe8 33. Bxb6 Bb1
34. a3 Ba2 35. b4 Bxc4 36. Ke3 Kd7 37. f5 Kc6 38. Bc5 Kd5 39. Bf8 Ke5 40. g4 h5
41. gxh5 Kxf5 42. Bxg7 Kg5 43. h6 Kg6 44. h4 Bb5 45. Kf4 Be8 46. Ke4 Bb5 47. Kd5
Ba4 48. Ke6 Bb5 49. Bxf6 Kxh6 50. Kd6 Kh5 51. Kc5 Kg6 52. Bd8 Kh5 53. Kb6 Kg6
54. Ka5 Be2 55. a4 Bd3 56. b5 axb5 57. axb5 Be4 58. b6 Bb7 59. Kb4 Kh5 60. Kc5
Kg4 61. Kd6 Kh5 62. Kc7 Be4 63. b7 Bxb7 64. Kxb7 Kg6 65. Kc6 Kh5 66. Kd5 Kg4 67.
Ke6 Kh5 68. Kf7 Kh6 69. Kg8 Kg6 70. Bg5 Kh5 71. Kh7 Kg4 72. Kg6 {Black resigns}
1-0

[Event "Team 45 45 League T44"]
[Site "Internet Chess Club"]
[Date "2010.02.06"]
[Round "1"]
[White "tryanything"]
[Black "SCUGrad"]
[Result "0-1"]
[WhiteElo "1576"]
[BlackElo "1444"]
[Opening "Scotch gambit: Dubois-Réti defense"]
[ECO "C55"]
[Time "03:47:36"]
[TimeControl "2700+45"]

1. e4 e5 2. Nf3 Nc6 3. Bc4 Nf6 4. d4 exd4 5. e5 d5 6. exf6 dxc4 7. Qe2+ Be6 8.
O-O Qxf6 9. Bg5 Qg6 10. Na3 d3 11. cxd3 cxd3 12. Qe3 Be7 13. Bxe7 Nxe7 14. Nb5
Nd5 15. Qe5 O-O 16. Rfd1 c6 17. Nc3 Rad8 18. Nh4 Qf6 19. Qe4 Nxc3 20. bxc3 Qxc3
21. Nf3 d2 22. Ng5 g6 23. Nxe6 fxe6 24. Qxe6+ Kh8 25. Qb3 Qxb3 26. axb3 Rfe8 27.
Kf1 a6 28. Ra2 Re1+ 29. Rxe1 dxe1=Q+ 30. Kxe1 Rd3 31. Rb2 Kg7 32. Ke2 Rd5 33. g3
a5 34. f4 Rb5 35. Kd3 a4 36. Kc4 axb3 37. Rxb3 Rxb3 38. Kxb3 h5 39. h4 Kf6
{White resigns} 0-1

[Event "Team 45 45 League T44"]
[Site "Internet Chess Club"]
[Date "2010.02.05"]
[Round "1"]
[White "DrOMM"]
[Black "AlPearson"]
[Result "1-0"]
[WhiteElo "1331"]
[BlackElo "1425"]
[Opening "Alekhine's defense: Scandinavian variation"]
[ECO "B02"]
[Time "16:32:50"]
[TimeControl "2700+45"]

1. e4 Nf6 2. Nc3 d5 3. e5 d4 4. exf6 dxc3 5. fxg7 cxd2+ 6. Bxd2 Bxg7 7. c3 Nc6
8. Bc4 Qd6 9. Nf3 Bg4 10. h3 Bh5 11. Be2 O-O-O 12. Be3 Qxd1+ 13. Rxd1 Rxd1+ 14.
Bxd1 Rd8 15. O-O a6 16. Be2 Ne5 17. Nxe5 Bxe2 18. Nxf7 Rg8 19. Re1 Bc4 20. Ng5
h5 21. h4 Bxa2 22. Bc5 e5 23. Nf3 Re8 24. Ng5 Kd7 25. Ne4 Ke6 26. f3 Rd8 27. Bf2
Bd5 28. Bg3 Bxe4 29. Rxe4 Rd2 30. b4 Rd3 31. c4 c6 32. c5 Rd4 33. Bf2 Rxe4 34.
fxe4 Bh6 35. Be1 Be3+ 36. Kh2 Kd7 37. Kh3 Ke6 38. g4 hxg4+ 39. Kxg4 Kf6 40. h5
b6 41. Bh4+ Kf7 42. cxb6 Bxb6 43. Kf5 Bd4 44. Bf6 Bc3 45. h6 Kg8 46. Kg6 Bxb4
47. h7+ Kf8 48. h8=Q# {Black checkmated} 1-0

[Event "Team 45 45 League T44"]
[Site "Internet Chess Club"]
[Date "2010.02.06"]
[Round "1"]
[White "TheronUAL"]
[Black "anatolybcn"]
[Result "1-0"]
[WhiteElo "1564"]
[BlackElo "1201"]
[Opening "Sicilian: closed"]
[ECO "B23"]
[Time "18:03:09"]
[TimeControl "2700+45"]

1. e4 c5 2. Nc3 d6 3. Nf3 h6 4. Bb5+ Bd7 5. Bxd7+ Nxd7 6. d4 cxd4 7. Nxd4 e5 8.
Nf3 Nc5 9. O-O a6 10. Re1 Nf6 11. a3 b5 12. b4 Ne6 13. Bb2 Be7 14. Qe2 O-O 15.
Rad1 Nf4 16. Qf1 Qc7 17. g3 Ne6 18. Nd5 Nxd5 19. Rxd5 Qxc2 20. Ba1 Qb3 21. Re3
Qc2 22. Rc3 Qxe4 23. Rdd3 Rfd8 24. Re3 Qf5 25. Nd2 Bg5 26. Rf3 Qg6 27. Nb3 f5
28. Rfd3 f4 29. Na5 Bh4 30. Nc6 Rd7 31. Nxe5 Qe8 32. Nxd7 Bg5 33. Rxd6 Qf7 34.
Qe2 Nf8 35. Nxf8 Qxf8 36. Qe6+ Kh7 37. Rc7 Re8 38. Qg6+ Kg8 39. Rxg7+ {Black
resigns} 1-0

[Event "Team 45 45 League T44"]
[Site "Internet Chess Club"]
[Date "2010.02.06"]
[Round "1"]
[White "BishopMike"]
[Black "chicopee-ed"]
[Result "1-0"]
[WhiteElo "1518"]
[BlackElo "1353"]
[Opening "King's pawn opening"]
[ECO "B07"]
[Time "10:39:26"]
[TimeControl "2700+45"]

1. e4 d6 2. Nf3 Nf6 3. Nc3 c6 4. d4 Bg4 5. Be2 e6 6. Bg5 Nbd7 7. e5 h6 8. Bh4 g5
9. Bg3 Nh5 10. Ne4 d5 11. Nd6+ Bxd6 12. exd6 Nxg3 13. hxg3 Bxf3 14. Bxf3 Qa5+
15. c3 Nb6 16. Qb3 O-O-O 17. Qb4 Qxb4 18. cxb4 Rxd6 19. O-O h5 20. Be2 g4 21. f3
h4 22. fxg4 hxg3 23. Rxf7 Rd7 24. Raf1 Rxf7 25. Rxf7 Re8 26. Bd3 Nd7 27. g5 Kd8
28. g6 Rg8 29. g7 b6 30. Bh7 Re8 31. g8=Q Rxg8 32. Bxg8 Ke8 33. Rg7 Kf8 34. Rxg3
{Black resigns} 1-0

[Event "Team 45 45 League T44"]
[Site "Internet Chess Club"]
[Date "2010.02.06"]
[Round "1"]
[White "wekabird"]
[Black "Visin"]
[Result "0-1"]
[WhiteElo "1152"]
[BlackElo "1379"]
[Opening "English opening"]
[ECO "A21"]
[Time "02:30:06"]
[TimeControl "2700+45"]

1. c4 e5 2. Nc3 f5 3. d3 Nf6 4. Bg5 Be7 5. Bxf6 Bxf6 6. e4 d6 7. h3 c6 8. Nf3
O-O 9. Be2 fxe4 10. dxe4 Qe8 11. O-O Be7 12. Nh2 Be6 13. b3 Nd7 14. Bg4 Bxg4 15.
Qxg4 Nf6 16. Qe2 Rd8 17. Nf3 Qg6 18. Nh4 Qf7 19. Nf5 Rfe8 20. Nxe7+ Rxe7 21.
Rad1 Red7 22. f4 exf4 23. Rxf4 Qe6 24. Qf3 Qe5 25. Kh1 Rf7 26. Ne2 Rdf8 27. Nd4
c5 28. Nf5 Nh5 29. Rg4 Kh8 30. Rd5 Qa1+ 31. Kh2 g6 32. Qc3+ Qxc3 {White resigns}
0-1

[Event "Team 45 45 League T44"]
[Site "Internet Chess Club"]
[Date "2010.02.06"]
[Round "1"]
[White "katabatico"]
[Black "WilmaP"]
[Result "1-0"]
[WhiteElo "1321"]
[BlackElo "1110"]
[Opening "French: advance, Paulsen attack"]
[ECO "C02"]
[Time "14:01:09"]
[TimeControl "2700+45"]

1. e4 e6 2. d4 d5 3. e5 c5 4. c3 Nc6 5. Nf3 c4 6. Be2 Nge7 7. Na3 b5 8. Nxb5 Ng6
9. a4 a6 10. Na3 f6 11. exf6 Qxf6 12. Bg5 Qf7 13. O-O h6 14. Bc1 Na5 15. Ne5
Nxe5 16. dxe5 Nb3 17. Ra2 Qf5 18. Bh5+ g6 19. g4 Qxe5 20. Bxg6+ Kd8 21. Nxc4 Qc7
22. Ne3 Nxc1 23. Qxc1 Bd6 24. h3 Rg8 25. Bh5 d4 26. cxd4 Bb7 27. Qxc7+ Bxc7 28.
Bf7 Rg7 29. Bxe6 h5 30. Nf5 Rg5 31. f4 Rg6 32. Bf7 Rb6 33. Bxh5 Bd5 34. Raa1
Rxb2 35. Ne3 Bc6 36. d5 Bd7 37. f5 Bb6 38. Ra3 Bc5 39. Rc3 Bd4 40. Rd3 Bc5 41.
f6 Bxa4 42. f7 Bb5 43. f8=Q+ Bxf8 44. Rxf8+ Kc7 45. d6+ Kd7 46. Be8+ Kd8 47.
Bxb5# {Black checkmated} 1-0

[Event "Team 45 45 League T44"]
[Site "Internet Chess Club"]
[Date "2010.02.07"]
[Round "1"]
[White "Zappy"]
[Black "BotanicalKnight"]
[Result "0-1"]
[WhiteElo "1485"]
[BlackElo "1587"]
[Opening "Scandinavian (center counter) defense"]
[ECO "B01"]
[Time "19:01:50"]
[TimeControl "2700+45"]

1. e4 d5 2. exd5 Qxd5 3. Nc3 Qd8 4. d3 g6 5. Nf3 Bg7 6. Bd2 Nf6 7. Be2 Nc6 8.
O-O O-O 9. Re1 Nd4 10. Be3 Nxe2+ 11. Qxe2 Re8 12. Nd4 Nd5 13. Qd2 Nxe3 14. Rxe3
Bxd4 15. Re2 c6 16. Rae1 Bg4 17. Re4 Bf5 18. Rf4 Bg7 19. Rf3 Qa5 20. d4 Rad8 21.
Rd1 Bg4 22. Rd3 Bxd1 23. Qxd1 Qb6 24. Na4 Qb4 25. c3 Qd6 26. Nc5 Qc7 27. Qe2 b6
28. Ne4 e5 29. dxe5 Rxd3 30. Qxd3 Qxe5 31. f3 f5 32. Qc4+ Qd5 33. Nd6 Qxc4 34.
Nxc4 Re1+ 35. Kf2 Rb1 36. Kg3 b5 37. Na5 c5 38. Nc6 a5 39. Nxa5 Rxb2 40. Nb7 Bf8
41. Nd8 Rxa2 42. Ne6 b4 43. cxb4 cxb4 44. Nd4 Bg7 45. Nb3 Ra3 46. Nc5 b3 47.
Nxb3 Rxb3 48. Kf4 Rb2 49. Kg3 Be5+ 50. Kh3 Kf7 51. g3 Bd4 52. g4 f4 53. Kh4
Rxh2+ 54. Kg5 h6+ 55. Kxf4 Kf6 56. Ke4 Bf2 57. Kf4 Rh3 {White forfeits on time}
0-1

[Event "Team 45 45 League T44"]
[Site "Internet Chess Club"]
[Date "2010.02.06"]
[Round "1"]
[White "The-Capitalist"]
[Black "zigzag2002"]
[Result "1/2-1/2"]
[WhiteElo "1365"]
[BlackElo "1384"]
[Opening "Sicilian: Richter-Rauzer, Bondarevsky variation"]
[ECO "B60"]
[Time "21:00:54"]
[TimeControl "2700+45"]

1. e4 c5 2. Nf3 d6 3. d4 cxd4 4. Nxd4 Nc6 5. Nc3 Nf6 6. Bg5 g6 7. Bxf6 exf6 8.
Bc4 Bg7 9. Ndb5 O-O 10. Qxd6 Qxd6 11. Nxd6 Ne5 12. O-O Nxc4 13. Nxc4 Be6 14. Nd5
Bxd5 15. exd5 f5 16. c3 Rfd8 17. Rad1 Rac8 18. Na5 b6 19. Nc6 Rd7 20. Rfe1 Bf6
21. Ne5 Rd6 22. Nc6 a6 {Game drawn by mutual agreement} 1/2-1/2

[Event "Team 45 45 League T44"]
[Site "Internet Chess Club"]
[Date "2010.02.04"]
[Round "1"]
[White "Nosaj"]
[Black "KingOfHearts"]
[Result "0-1"]
[WhiteElo "1396"]
[BlackElo "1283"]
[Opening "Ruy Lopez (Spanish opening)"]
[ECO "C68"]
[Time "16:30:05"]
[TimeControl "2700+45"]

1. e4 e5 2. Nf3 Nc6 3. Bb5 a6 4. Bc4 h6 5. O-O Nf6 6. c3 Nxe4 7. Re1 d5 8. Bd3
Bg4 9. Bxe4 dxe4 10. Rxe4 f5 11. Re1 e4 12. d3 Ne5 13. Re3 Nc4 14. Re1 Ne5 15.
Re3 Nxd3 16. b3 Bc5 17. Re2 Bxf2+ 18. Kf1 Qd7 19. Be3 O-O-O 20. Qd2 Bxe3 21.
Qxe3 exf3 22. Rd2 fxg2+ 23. Rxg2 Rhe8 24. Rg3 Rxe3 25. Rxe3 Qd6 26. Rg3 Qf4+ 27.
Kg2 Qf2+ 28. Kh1 Qf1+ 29. Rg1 Bf3# {White checkmated} 0-1

[Event "Team 45 45 League T44"]
[Site "Internet Chess Club"]
[Date "2010.02.07"]
[Round "1"]
[White "Salvatore"]
[Black "pawnward"]
[Result "0-1"]
[WhiteElo "1673"]
[BlackElo "1549"]
[Opening "Dutch with c4 & Nc3"]
[ECO "A85"]
[Time "14:00:04"]
[TimeControl "2700+45"]

1. d4 f5 2. c4 Nf6 3. Nc3 e6 4. Nf3 Bb4 5. g3 Ne4 6. Qb3 Bxc3+ 7. bxc3 O-O 8.
Bg2 c5 9. O-O Nc6 10. e3 Qb6 11. Qc2 Na5 12. Rb1 Qc7 13. Qd3 b6 14. Nd2 Ba6 15.
Re1 Rad8 16. Nxe4 Bxc4 17. Qc2 fxe4 18. Bxe4 d5 19. Bxh7+ Kh8 20. Qg6 Rf6 21.
Qc2 Qf7 22. f4 g6 23. Bxg6 Qxg6 24. Qxg6 Rxg6 25. Rb2 Bd3 26. Rd2 Be4 27. dxc5
bxc5 28. Rb2 Nc4 29. Rb5 Rc8 30. a4 a6 31. Rb3 Rc7 32. Re2 Rh7 33. Ba3 Bd3 34.
Rf2 Nxa3 35. Rxa3 Rf7 36. Rb3 Kg7 37. Rfb2 e5 38. Kf2 exf4 39. exf4 c4 40. Rb8
d4 41. cxd4 c3 42. Ra2 Rc6 43. Ra1 c2 44. Rc1 Rd7 45. Ke3 Rc3 46. Kd2 Ra3 47.
Rb4 Re7 48. Rg1 Re2+ 49. Kc1 Ra1+ {White resigns} 0-1

[Event "Team 45 45 League T44"]
[Site "Internet Chess Club"]
[Date "2010.02.07"]
[Round "1"]
[White "e2pawn"]
[Black "idjit"]
[Result "1-0"]
[WhiteElo "1082"]
[BlackElo "1700"]
[Opening "QGD: exchange, positional line"]
[ECO "D35"]
[Time "15:58:45"]
[TimeControl "2700+45"]

1. d4 d5 2. c4 e6 3. Nc3 Nf6 4. cxd5 exd5 5. Bg5 Be7 6. e3 O-O 7. Bd3 Nbd7 8.
Nf3 c5 9. dxc5 Nxc5 10. O-O Be6 11. Rc1 h6 12. Bh4 Rc8 13. Bb1 Qd6 14. Nd4 Rfd8
15. Nce2 Qb6 16. b3 Nce4 17. Qd3 g5 18. Bg3 Nxg3 19. hxg3 Kg7 20. Nxe6+ fxe6 21.
Qg6+ Kf8 22. Qxh6+ Ke8 23. Qxg5 Kd7 24. Rxc8 Rxc8 25. Rd1 Qa6 26. Nf4 Ne4 27.
Qg6 Nc3 28. Rc1 Nxb1 29. Rxc8 Kxc8 30. Qxb1 Qd6 31. Qd3 a6 32. Qg6 Kd7 33. Qf7
b5 34. Ng6 e5 35. Qxe7+ Qxe7 36. Nxe7 Kxe7 37. Kf1 Kd6 38. Ke2 {Black resigns}
1-0

[Event "Team 45 45 League T44"]
[Site "Internet Chess Club"]
[Date "2010.02.06"]
[Round "1"]
[White "Berke"]
[Black "Manders"]
[Result "0-1"]
[WhiteElo "1666"]
[BlackElo "1586"]
[Opening "Four knights: Italian variation"]
[ECO "C47"]
[Time "12:00:13"]
[TimeControl "2700+45"]

1. e4 e5 2. Nf3 Nf6 3. Nc3 Nc6 4. Bc4 Nxe4 5. Bxf7+ Kxf7 6. Nxe4 d5 7. Neg5+ Kg8
8. d3 h6 9. Nh3 Bc5 10. Bd2 Bg4 11. c3 e4 12. dxe4 dxe4 13. Bxh6 Qxd1+ 14. Kxd1
Rxh6 15. Kc2 exf3 16. gxf3 Bxh3 17. Rhg1 Bxf2 18. Rxg7+ Kxg7 19. Rf1 Bxf1 20.
Kb3 Bd3 21. h4 Na5+ 22. Ka3 Bc5+ 23. b4 Nc4+ 24. Kb3 Be3 25. h5 Ra6 26. a4 b5
27. a5 Nd2+ 28. Kb2 Kh8 29. h6 Rg8 30. h7 Rg2 31. f4 Nc4+ 32. Kb3 Rb2# {White
checkmated} 0-1

[Event "Team 45 45 League T44"]
[Site "Internet Chess Club"]
[Date "2010.02.05"]
[Round "1"]
[White "rubo"]
[Black "BotanicalKnight"]
[Result "1-0"]
[WhiteElo "1883"]
[BlackElo "1575"]
[Opening "Bird's opening"]
[ECO "A02"]
[Time "21:04:17"]
[TimeControl "2700+45"]

1. f4 Nf6 2. Nf3 g6 3. b3 Bg7 4. Bb2 O-O 5. e3 d6 6. Be2 Nc6 7. O-O e5 8. fxe5
Ng4 9. Qc1 Ncxe5 10. Nxe5 Nxe5 11. d4 Ng4 12. Bxg4 Bxg4 13. Nd2 Qg5 14. Nf3 Bxf3
15. Rxf3 f5 16. Qf1 c6 17. c4 b6 18. Re1 Qe7 19. Qd3 a5 20. e4 fxe4 21. Rxe4 Qd7
22. Rfe3 Rae8 23. Qe2 Rxe4 24. Rxe4 Qf5 25. g3 Qf3 26. Re8 Qxe2 27. Rxe2 h6 28.
Kg2 g5 29. Re6 Rf6 30. Re7 Rf7 31. Re6 Rf6 32. Rxf6 Bxf6 33. d5 Bd8 34. dxc6 Kf7
35. Bd4 h5 36. h3 Ke6 37. g4 hxg4 38. hxg4 d5 39. Kf3 Kd6 40. cxd5 Kxd5 41. Be3
Kxc6 42. Ke4 Kb5 43. Bd2 a4 44. Kf5 axb3 45. axb3 Kc5 46. Bxg5 Bc7 47. Be7+ Kd4
48. g5 Kc3 49. b4 b5 {Black resigns} 1-0

[Event "Team 45 45 League T44"]
[Site "Internet Chess Club"]
[Date "2010.02.06"]
[Round "1"]
[White "ticopatzer"]
[Black "Portola"]
[Result "0-1"]
[WhiteElo "1601"]
[BlackElo "1720"]
[Opening "Ruy Lopez: modern Steinitz defense"]
[ECO "C71"]
[Time "15:00:57"]
[TimeControl "2700+45"]

1. e4 e5 2. Nf3 Nc6 3. Bb5 a6 4. Ba4 d6 5. d4 b5 6. Bb3 Be7 7. dxe5 Nxe5 8. Nxe5
dxe5 9. Qh5 g6 10. Qxe5 Nf6 11. Bh6 Rg8 12. Nc3 Ng4 13. Qf4 Nxh6 14. Qxh6 c6 15.
Qxh7 Rf8 16. O-O Qc7 17. Rad1 Bd7 18. Qg7 O-O-O 19. Bxf7 Bd6 20. h3 g5 21. Bh5
Rg8 22. Qh6 Bf4 23. Qf6 Rdf8 24. Qd4 g4 25. hxg4 Bxg4 26. Bxg4+ Rxg4 27. Qd3
Bh2+ 28. Kh1 Rh8 29. Qf3 Bg1+ 30. Kxg1 Qh2# {White checkmated} 0-1

[Event "Team 45 45 League T44"]
[Site "Internet Chess Club"]
[Date "2010.02.04"]
[Round "1"]
[White "g8wrb"]
[Black "Tjet"]
[Result "1/2-1/2"]
[WhiteElo "1543"]
[BlackElo "1508"]
[Opening "King's pawn opening"]
[ECO "B07"]
[Time "16:01:39"]
[TimeControl "2700+45"]

1. e4 d6 2. d4 e5 3. dxe5 dxe5 4. Qxd8+ Kxd8 5. Nf3 f6 6. Bc4 Bc5 7. O-O Ke7 8.
Nc3 c6 9. Na4 Bd6 10. Nc3 b5 11. Bb3 Be6 12. Rd1 Nd7 13. Be3 g5 14. Rd2 Nh6 15.
Bxe6 Kxe6 16. Rad1 Nf7 17. a3 a6 18. Bxg5 Rad8 19. Be3 Bc5 20. Bxc5 Nxc5 21. Nh4
Rxd2 22. Rxd2 Rd8 23. Rxd8 Nxd8 24. f3 a5 25. Nf5 a4 26. Kf2 Nf7 27. Kg3 Nb7 28.
Kg4 Nbd6 29. Nxd6 Nxd6 30. Kh5 Nf7 31. Ne2 f5 32. Ng3 fxe4 33. Nxe4 Kf5 34. g3
Ke6 35. Ng5+ Nxg5 36. Kxg5 c5 37. Kh6 b4 38. Kxh7 Kf5 39. Kg7 e4 40. fxe4+ Kxe4
41. h4 bxa3 42. bxa3 Kd4 43. h5 Kc3 44. h6 Kxc2 45. h7 c4 46. h8=Q c3 47. Qc8
Kb3 48. Qc5 c2 49. g4 Kb2 50. Qf2 Kb1 51. Qb6+ Ka2 52. Qc5 Kb1 53. Kf6 c1=Q 54.
Qxc1+ Kxc1 55. g5 Kb2 56. g6 Kxa3 57. g7 Kb2 58. g8=Q a3 59. Qb8+ Ka1 60. Ke5 a2
61. Qa7 Kb1 62. Qb6+ Kc1 63. Qa5 Kb1 64. Qb4+ Ka1 65. Qc3+ Kb1 66. Qe1+ Kb2 67.
Qd2+ Kb1 68. Qd3+ Kb2 69. Qd2+ Kb1 70. Kd5 a1=Q 71. Qd3+ Ka2 72. Kc4 Qc1+ 73.
Kb4 Qb2+ {Game drawn by mutual agreement} 1/2-1/2

[Event "Team 45 45 League T44"]
[Site "Internet Chess Club"]
[Date "2010.02.08"]
[Round "1"]
[White "thefranman"]
[Black "AtomicDog"]
[Result "1-0"]
[WhiteElo "1479"]
[BlackElo "1317"]
[Opening "English opening"]
[ECO "A22"]
[Time "12:00:17"]
[TimeControl "2700+45"]

1. c4 e5 2. Nc3 Nf6 3. d3 c6 4. a3 d5 5. cxd5 Nxd5 6. Nf3 f6 7. e3 Be6 8. Be2
Nd7 9. O-O Bd6 10. Qc2 O-O 11. Ne4 Bc7 12. b4 Qe7 13. Bb2 g5 14. Rac1 Qg7 15. d4
Bf5 16. Bd3 Bg4 17. Be2 Bxf3 18. Bxf3 exd4 19. Bxd4 Qh6 20. Ng3 Rac8 21. Bg4 f5
22. Bxf5 Rf7 23. Bh3 Be5 24. Bxd7 {Black forfeits on time} 1-0

[Event "Team 45 45 League T44"]
[Site "Internet Chess Club"]
[Date "2010.02.07"]
[Round "1"]
[White "SlimeDog2"]
[Black "Geeloo"]
[Result "1-0"]
[WhiteElo "2169"]
[BlackElo "2129"]
[Opening "QGD: Chigorin defense"]
[ECO "D07"]
[Time "13:02:13"]
[TimeControl "2700+45"]

1. d4 d5 2. c4 Nc6 3. Nf3 Bg4 4. e3 e5 5. cxd5 Qxd5 6. Nc3 Bb4 7. Be2 exd4 8.
O-O Bxc3 9. bxc3 Nf6 10. cxd4 O-O 11. Rb1 Rfe8 12. Qa4 b6 13. Rb5 Qd7 14. Rb3
Nd8 15. Qa6 Qc8 16. Ba3 Qxa6 17. Bxa6 Bc8 18. Bb5 c6 19. Bd3 Be6 20. Rb2 Bd5 21.
Rc1 Ne4 22. Ne1 f5 23. f3 Nf6 24. Kf2 g6 25. Nc2 Kg7 26. Nb4 Rc8 27. Ba6 Rc7 28.
Nxd5 Nxd5 29. Bd6 Rd7 30. Be5+ Kf8 31. e4 fxe4 32. fxe4 Rf7+ 33. Kg3 Nf6 34. Bd3
Nh5+ 35. Kg4 Ke7 36. Bc4 Nf6+ 37. Kf4 Rff8 38. Bxf6+ Rxf6+ 39. Ke3 Ref8 40. Rcc2
g5 41. Be2 Rf2 42. Bf3 Rxc2 43. Rxc2 Kd7 44. e5 Rf4 45. g3 Rf8 46. Rc3 Rf7 47.
Ke4 Rf8 48. Bg4+ Ke7 49. Bf5 h6 50. g4 Rg8 51. Ra3 a5 52. Rc3 Rh8 53. a4 h5 54.
Rh3 b5 55. axb5 cxb5 56. d5 Nb7 57. Rc3 Rb8 58. Rc7+ Kf8 59. d6 Nd8 60. e6 b4
61. e7+ Ke8 62. Bd7+ Kf7 63. e8=Q+ {Black resigns} 1-0

[Event "Team 45 45 League T44"]
[Site "Internet Chess Club"]
[Date "2010.02.04"]
[Round "1"]
[White "bogolijubov"]
[Black "ToffeePudding"]
[Result "1-0"]
[WhiteElo "1908"]
[BlackElo "1998"]
[Opening "Caro-Kann: Panov-Botvinnik attack"]
[ECO "B13"]
[Time "15:07:11"]
[TimeControl "2700+45"]

1. e4 c6 2. d4 d5 3. exd5 cxd5 4. c4 Nf6 5. Nc3 Nc6 6. Nf3 Bg4 7. cxd5 Nxd5 8.
Qb3 Bxf3 9. gxf3 Nb6 10. d5 Nd4 11. Bb5+ Nd7 12. Qa4 Nxb5 13. Qxb5 g6 14. O-O
Bg7 15. Re1 O-O 16. Bg5 Ne5 17. Re3 f6 18. Bf4 Qc8 19. d6 exd6 20. Qd5+ Kh8 21.
Ne4 Qc6 22. Qxc6 Nxc6 23. Nxd6 g5 24. Bg3 f5 25. f4 b6 26. Rc1 Nd4 27. Rc7 gxf4
28. Bxf4 Bf6 29. Nf7+ Kg8 30. Rg3+ Bg7 31. Nh6+ Kh8 32. Rgxg7 {Black resigns}
1-0

[Event "Team 45 45 League T44"]
[Site "Internet Chess Club"]
[Date "2010.02.06"]
[Round "1"]
[White "screamingeagle"]
[Black "Gwyddbwyll"]
[Result "0-1"]
[WhiteElo "1992"]
[BlackElo "1879"]
[Opening "Giuoco Pianissimo"]
[ECO "C55"]
[Time "16:06:50"]
[TimeControl "2700+45"]

1. e4 e5 2. Nf3 Nc6 3. Bc4 Nf6 4. d3 Bc5 5. O-O O-O 6. c3 d5 7. exd5 Nxd5 8. b4
Be7 9. b5 Na5 10. Nxe5 Nxc4 11. Nxc4 Be6 12. Qf3 a6 13. bxa6 Rxa6 14. Rd1 b5 15.
Ne3 Nxe3 16. fxe3 Rxa2 17. Rxa2 Bxa2 18. Na3 b4 19. cxb4 Bb3 20. Rf1 Qxd3 21.
Qb7 Bd6 22. g3 Bd5 23. Qb5 Qe4 24. Kf2 c6 25. Qb6 Rb8 {White resigns} 0-1